 Dungeon Crawl Stone Soup version 0.24.0-13-gcf9b319 (webtiles) character file.

Game seed: 11097825366563616280, levelgen mode: deterministic

97 Aeroq the Conjurer (level 4, -3/34 HPs)
             Began as a Draconian Conjurer on Dec 20, 2019.
             Slain by a goblin (5 damage)
             ... led by Robin
             ... on level 2 of the Dungeon.
             The game lasted 00:03:03 (2064 turns).

Aeroq the Conjurer (Draconian Conjurer)             Turns: 2064, Time: 00:03:04

Health: -3/34      AC:  5    Str: 10    XL:     4   Next: 42%
Magic:  8/8        EV: 12    Int: 17    God:
Gold:   42         SH:  0    Dex: 11    Spells: 5/8 levels left

rFire    . . .     SeeInvis .   g - +0 whip
rCold    . . .     Gourm    .   (no shield)
rNeg     . . .     Faith    .   (armour unavailable)
rPois    .         Spirit   .   (helmet restricted)
rElec    .         Reflect  .   (no cloak)
rCorr    .         Harm     .   (no gloves)
MR       .....                  (no boots)
Stlth    ++........             (no amulet)
HPRegen  0.11/turn              (no ring)
MPRegen  0.11/turn              (no ring)

@: no status effects
A: unfitting armour, cold-blooded, AC +5
a: no special abilities


You were on level 2 of the Dungeon.
You were not hungry.

You visited 1 branch of the dungeon, and saw 2 of its levels.

You collected 42 gold pieces.

Inventory:

Hand Weapons
 a - a +0 short sword
 g - a +0 whip (weapon)
 i - a +3 antimagic hand axe
 j - a +0 dagger
Missiles
 h - 2 curare-tipped darts (quivered)
Scrolls
 c - 4 scrolls of identify {unknown}
 e - a scroll of magic mapping {unknown}
 f - a scroll of teleportation {unknown}
 l - a scroll of fog {unknown}
Comestibles
 b - 4 rations


   Skills:
 - Level 0.3 Fighting
 - Level 0.1 Short Blades
 + Level 2.3 Dodging
 - Level 2.0 Stealth
 + Level 2.7 Spellcasting
 * Level 5.0 Conjurations


You had 5 spell levels left.
You knew the following spells:

 Your Spells              Type           Power        Failure   Level  Hunger
a - Magic Dart            Conj           ###.         2%          1    #......
b - Searing Ray           Conj           ###...       3%          2    ##.....

Your spell library contained the following spells:

 Spells                   Type           Power        Failure   Level  Hunger
 Dazzling Spray           Conj/Hex       ##....       19%         3    ###....
 Iskenderun's Mystic Bla  Conj           ###.....     22%         4    #####..
 Force Lance              Conj/Tloc      ##......     54%         4    #####..
 Fulminant Prism          Conj/Hex       ##........   54%         4    #####..


Dungeon Overview and Level Annotations

Branches:
Dungeon (2/15)

Altars:
Fedhas

Annotations:
D:2 Robin


Innate Abilities, Weirdness & Mutations

Your plain brown scales are hard. (AC +5)
You cannot fit into any form of body armour.
You are cold-blooded and may be slowed by cold attacks.


Message History

Robin roars a battlecry!
The goblin goes into a battle-frenzy!
The goblin closely misses you.
Items here: )))) [ ††††† The goblin no longer looks unusually strong.
Robin throws the goblin at you! The goblin closely misses you.
Unknown command.
You barely miss the goblin. The goblin closely misses you. The goblin hits you.
* * * LOW HITPOINT WARNING * * *
You barely miss the goblin.
The goblin no longer looks unusually strong.
The goblin hits you.
* * * LOW HITPOINT WARNING * * *
The goblin hits you but does no damage.
Unknown command.
You barely miss the goblin.
Your tail-slap misses the goblin.
Robin roars a battlecry!
The goblins go into a battle-frenzy!
The goblin hits you.
You die...

###### ......
....# ....# ....#
##....#
#########...#.##.
#(.g@ggg'........
##.#######g..##'##
#...# ........
#...# .........g
###...#
...........
#.....#
#........g..
#.#...#
#...........
#.#...#
###########.
#.#...#######


You could see Robin and 4 goblins.

Vanquished Creatures
  Natasha (D:2)
  An adder (D:2)
  A worm (D:2)
  2 dart slugs (D:1)
  3 leopard geckos
  An orc (D:2)
  3 bats (D:1)
  3 giant cockroaches
  14 goblins
  3 hobgoblins
  2 quokkas (D:2)
  A frilled lizard (D:1)
  5 kobolds
  9 rats
49 creatures vanquished.

Notes
Turn   | Place    | Note
-------+----------+-------------------------------------------
     0 | D:1      | Aeroq the Draconian Conjurer began the quest for the Orb.
     0 | D:1      | Reached XP level 1. HP: 14/14 MP: 3/3
   336 | D:1      | Reached XP level 2. HP: 20/20 MP: 0/5
  1441 | D:2      | Found a blossoming altar of Fedhas.
  1467 | D:2      | Reached XP level 3. HP: 13/27 MP: 1/6
  1735 | D:2      | Learned a level 2 spell: Searing Ray
  1818 | D:2      | Noticed Natasha
  1827 | D:2      | Killed Natasha
  1827 | D:2      | Reached XP level 4. HP: 29/34 MP: 1/8
  2046 | D:2      | Noticed Robin
  2053 | D:2      | Reached skill level 5 in Conjurations
  2064 | D:2      | Slain by a goblin

Levels and vault maps discovered:
D:1:      scummos_arrival_simple_fountains, layout_basic, serial_glass,
          glass_columns_a, glass_columns_a, feat_on_display,
          minmay_strange_pillars, interstate_on_off
D:2:      minmay_diamond_boxcup, layout_basic, grunt_ministairs_9,
          grunt_decor_clamped, fedhas_altar_3, uniq_robin, uniq_natasha

Skill      XL: |  1  2  3  4 |
---------------+-------------+-----
Stealth        | 2 |  2.0
Dodging        | 2 |  2.3
Conjurations   | 5 |  5.0
Fighting       | |  0.3
Short Blades   | |  0.1
Spellcasting   | |  2.7

Action                   |  1- 3 |  4- 6 || total
-------------------------+-------+-------++-------
Melee: Short sword       |    21 |       ||    21
       Tailslap          |     6 |     5 ||    11
       Whip              |    50 |    41 ||    91
       Hand axe          |     2 |       ||     2
Throw: Dart              |     1 |       ||     1
 Cast: Magic Dart        |    34 |     2 ||    36
       Searing Ray       |     2 |     2 ||     4
  Use: Potion            |       |     1 ||     1
 Stab: Sleeping          |     6 |     1 ||     7
  Eat: Chunk             |     3 |     1 ||     4
Armor: Skin              |    25 |    17 ||    42
Dodge: Dodged            |    56 |    22 ||    78
